 Dungeon Crawl Stone Soup version 0.15.0-29-ga8e3430 (webtiles) character file.

537667 Kashira the Eclecticist (level 25, -5/221 (223) HPs)
             Began as a Naga Wizard on Sept 12, 2014.
             Was the Champion of Cheibriados.
             Slain by an azure jelly (17 damage)
             ... created by the royal jelly
             ... on Level 6 of the Pits of Slime.
             The game lasted 11:03:03 (88996 turns).

Kashira the Eclecticist (Naga Wizard)              Turns: 88996, Time: 11:03:32

HP  -5/221 (223) AC  4     Str 30      XL: 25   Next: 87%
MP  31/48        EV 28     Int 44      God: Cheibriados [******]
Gold 754         SH 24     Dex 28      Spells: 13 memorised, 13 levels left

rFire  + . .     SeeInvis +     x - +9 demon trident (freeze)
rCold  + . .     Clarity  .     p - +3 ring mail of Vokhlini {Str+4 Dex+3}
rNeg   . . .     rCorr    .     m - +2 large shield
rPois  +         rRot     .     g - +2 helmet
rElec  .         Spirit   .     u - +2 cloak {+Inv}
SustAb .         Warding  .     v - +2 pair of gloves
rMut   +         Stasis   .     B - +2 naga barding
Gourm  .                        V - amulet of resist mutation
MR     +++..                    w - +3 ring of dexterity
                                z - +4 ring of intelligence

@: phasing, corroded equipment, rotting, very slow, extremely resistant to
hostile enchantments, unstealthy
A: spit poison, constrict 1, claws 1, fangs 1, stinger 1, icy blue scales 1,
rough black scales 1, see invisible, breathe flames 1, clumsy 2, cold resistance
1, deformed body, fire resistance 1, high mp 1, poison resistance, shaggy fur 1,
slowness 2, weak 1, placid magic 1, AC +8
a: Spit Poison, Bend Time, Temporal Distortion, Slouch, Step From Time, Renounce
Religion, Breathe Fire, Evoke Invisibility
}: 3/15 runes: decaying, silver, gossamer


You were on level 6 of the Pits of Slime.
You worshipped Cheibriados.
Cheibriados was exalted by your worship.
You were full.

You visited 10 branches of the dungeon, and saw 53 of its levels.
You also visited: Bailey and Volcano.

You collected 6134 gold pieces.
You spent 5380 gold pieces at shops.

Inventory:

Hand weapons
 x - a +9 demon trident of freezing (weapon)
Missiles
 e - 21 tomahawks of returning (quivered)
 G - 9 throwing nets
Armour
 g - a +2 helmet (worn)
 m - a +2 large shield (worn)
 p - the +3 ring mail of Vokhlini (worn) {Str+4 Dex+3}
   (You found it on level 5 of the Vaults)

   It affects your strength (+4).
   It affects your dexterity (+3).
 u - a +2 cloak of darkness (worn)
 v - a +2 pair of gloves (worn)
 B - a +2 naga barding (worn)
Magical devices
 c - a wand of fireball (0)
 L - a wand of cold (1)
 Q - a wand of teleportation (4)
 Y - a wand of heal wounds (1)
Comestibles
 d - 20 bread rations
 j - 61 fruits
Scrolls
 a - 6 scrolls of identify
 b - 10 scrolls of teleportation
 y - 9 scrolls of blinking
 E - a scroll of magic mapping
 H - 8 scrolls of fear
 P - a scroll of recharging
Jewellery
 k - the amulet of the Lily {Stasis Str+2 Dex+2}
   (You took it off a frost giant on level 5 of the Vaults)

   [amulet of stasis]

   It prevents you from being teleported, slowed, hasted or paralysed.
   It affects your strength (+2).
   It affects your dexterity (+2).
 o - an uncursed ring of protection from fire
 w - a +3 ring of dexterity (right hand)
 z - a +4 ring of intelligence (left hand)
 V - an amulet of resist mutation (around neck)
 X - the ring "Wuedghur" {Ice Stlth+}
   (You found it on level 3 of the Swamp)

   [ring of ice]

   It enhances your ice magic, and weakens your fire magic.
   It makes you vulnerable to fire.
   It protects you from cold.
   It makes you more stealthy.
Potions
 f - a potion of restore abilities
 t - a potion of magic
 S - 10 potions of curing
 T - 3 potions of heal wounds


   Skills:
 + Level 12.9 Fighting
 + Level 14.6 Polearms
 + Level 2.1 Throwing
 + Level 8.9 Armour
 + Level 12.9 Dodging
 - Level 3.0 Stealth
 + Level 13.1 Shields
 + Level 17.4 Spellcasting
 + Level 13.8 Conjurations
 + Level 2.2 Hexes
 + Level 1.9 Charms
 - Level 3.6 Summonings
 + Level 15.0 Translocations
 + Level 1.7 Fire Magic
 + Level 7.1 Ice Magic
 + Level 11.5 Air Magic
 + Level 4.2 Earth Magic
 + Level 7.7 Poison Magic
 + Level 14.0 Invocations
 + Level 1.3 Evocations


You had 13 spell levels left.
You knew the following spells:

 Your Spells              Type           Power        Failure   Level  Hunger
a - Magic Dart            Conj           ####         0%          1    None
b - Mephitic Cloud        Conj/Pois/Air  ######..     0%          3    None
c - Conjure Flame         Conj/Fire      ######..     0%          3    None
d - Blink                 Tloc           N/A          0%          2    None
e - Repel Missiles        Chrm/Air       ######       0%          2    None
f - Slow                  Hex            #####...     1%          2    None
g - Control Teleport      Chrm/Tloc      ######....   1%          4    None
h - Phase Shift           Tloc           #######...   0%          5    None
i - Dazzling Spray        Conj/Hex       ######..     0%          3    None
j - Iskenderun's Mystic   Conj           #######.     0%          4    None
k - Freezing Cloud        Conj/Ice/Air   ######....   1%          6    None
l - Summon Lightning Spi  Summ/Air       ######..     1%          4    None
m - Iron Shot             Conj/Erth      ######....   1%          6    None


Dungeon Overview and Level Annotations

Branches:
Dungeon (15/15)            Temple (1/1) D:4             Orc (4/4) D:11
    Elf (2/3) Orc:4          Lair (8/8) D:10          Swamp (5/5) Lair:5
 Spider (5/5) Lair:4        Slime (6/6) Lair:6       Vaults (5/5) D:13
  Crypt (0/3) Vaults:2     Depths (2/5) D:15

Altars:
Ashenzari
Cheibriados
Dithmenos
Elyvilon
Fedhas
Kikubaaqudgha
Makhleb
Nemelex Xobeh
Okawaru
Qazlal
Sif Muna
Trog
Vehumet
Xom
Yredelemnul
Zin
The Shining One
Jiyva

Shops:
D:6 }:   Orc:1 (   Orc:2 :   Orc:4 !(??   Elf:1 *   Elf:2 %   Vaults:2 [
Vaults:3 ?   Vaults:5 ?!?

Portals:
Hell: Depths:1 Depths:2
Abyss: Depths:1
Ziggurat: Depths:1
Trove: Vaults:2 (show abyssal rune of Zot)


Innate Abilities, Weirdness & Mutations

You cannot wear boots.
You can spit poison.
You can use your snake-like lower body to constrict enemies.
Your serpentine skin is tough (AC +8).
You have supernaturally acute eyesight.
Armour fits poorly on your strangely shaped body.
Your system is resistant to poisons.
You cover ground very slowly.
You have sharp fingernails.
You have very sharp teeth.
Your tail ends in a poisonous barb.
You are partially covered in icy blue scales (AC +1).
You are partially covered in rough black scales (AC +4, Dex -1).
You can breathe flames.
You are very clumsy. (Dex -4)
Your flesh is cold resistant.
Your flesh is heat resistant.
You have an increased reservoir of magic (+10% MP).
You are covered in fur (AC +1).
You are weak. (Str -2)
Your spells are a little easier to cast, but a little less powerful.


Message History

The azure jelly completely misses you. The azure jelly misses you.
The azure jelly is engulfed in freezing vapours. x3
The azure jelly hits you.
* * * LOW HITPOINT WARNING * * *
The azure jelly freezes you! You resist.
* * * LOW HITPOINT WARNING * * *
You block the azure jelly's attack. The azure jelly hits you.
* * * LOW HITPOINT WARNING * * *
You block the azure jelly's attack.
The death ooze is engulfed in freezing vapours.
The azure jelly is engulfed in freezing vapours.
The azure jelly jiggles.
The death ooze hits you!
* * * LOW HITPOINT WARNING * * *
You feel your flesh rotting away! x2
You momentarily phase out as the death ooze's attack passes through you.
The azure jelly hits you!
* * * LOW HITPOINT WARNING * * *
The azure jelly freezes you! You resist.
You die...

,,,,,,,,,,,.........,,,,,,......#
,,,,,,,,,,...........,,,,,.......
,,,,,,,,,,,...........,,,........
,,,,,,,,,,.............,.........
,,,,,,,,,.....JJJ................
,,,,,,,,,....JJJJJ...............
,,,,,,,,,..####J#####............
,,,,,,,,..##(##JJ##)##...........
,,,,,,,,.##(?[##@#$[$##..........
,,,,,,,,##$:)##JJ##$|(##.........
,,,,,,,**")):%#J##}[()|##........
,,,,,,,**$?))##..##%=![##........
,,,,,,,**#[!#|##.#:#%%###........
,,,,,,,***#####..########........
,,,,,,,,,*...#....#...#..........
,,,,,,,*,,,#........#...#........
,,,,,,,****####..########........


You could see 2 acid blobs, 8 azure jellies and 4 death oozes.

Vanquished Creatures
  the royal jelly (Slime:6)
  An ancient lich (Vaults:5)
  A bone dragon (Swamp:5)
  Nikola (Spider:3)
  Arachne (Spider:3)
  A tentacled monstrosity (Vaults:4)
  Asterion (Elf:2)
  2 titans
  A quicksilver dragon (Vaults:5)
  4 storm dragons (Vaults:5)
  The ghost of Tolias the Warrior, a mighty KoFi of Qazlal (Swamp:4)
  A lich (Vaults:5)
  13 acid blobs
  Rupert (Lair:3)
  Agnes (Spider:5)
  7 shadow dragons
  Frances (Spider:1)
  An ancient champion (Vaults:2)
  The ghost of RobertPalmer the Fencer, a mighty HEIE of Dithmenos (Swamp:5)
  4 thorn hunters
  Roxanne (Elf:2)
  6 tengu reavers
  12 azure jellies
  3 fire giants
  Donald (Elf:2)
  Wiglaf (Vaults:5)
  4 frost giants
  2 iron dragons (Vaults:5)
  5 deep elf sorcerers
  24 vault wardens
  Aizul (Vaults:2)
  5 ghost moths
  4 orc warlords
  A stone giant (shapeshifter) (Vaults:5)
  7 emperor scorpions
  16 very ugly things
  2 deep elf demonologists
  22 stone giants
  4 war gargoyles (Vaults:5)
  A grey draconian (shapeshifter) (Vaults:5)
  3 deep elf annihilators
  A dire elephant (Depths:2)
  2 deep elf death magi
  7 ettins
  Josephine (D:11)
  11 yaktaur captains
  2 fire dragons (Vaults:1)
  37 vault guards
  4 ice dragons
  7 death oozes
  2 deep elf high priests
  Fannar (D:11)
  18 ironheart preservers
  6 great orbs of eyes
  Harold (Orc:4)
  23 hydras
  12 centaur warriors
  2 shambling mangroves
  15 ogre magi
  A spectral tengu (Vaults:5)
  Erica (D:11)
  3 deep troll earth magi
  15 alligators
  A spriggan berserker (Swamp:2)
  A sun demon (Orc:4)
  26 death yaks
  2 tengu warriors
  5 orc high priests
  5 deep troll shamans
  A soul eater (Spider:1)
  16 deep elf knights
  A shock serpent (shapeshifter) (Vaults:4)
  2 unseen horrors
  18 orb spiders
  7 skeletal warriors
  A death drake (shapeshifter) (Vaults:1)
  17 deep trolls
  A deep troll (shapeshifter) (Vaults:5)
  An unseen horror (shapeshifter) (Vaults:4)
  A flayed ghost (Vaults:4)
  Erolcha (D:9)
  8 swamp dragons
  6 deep elf summoners
  5 giant orange brains
  19 ironbrand convokers
  3 spectral hydras (Swamp:5)
  30 wolf spiders
  17 orc knights
  9 hill giants
  3 necromancers
  4 moths of wrath
  7 deep elf conjurers
  A wizard (Depths:1)
  6 griffons
  6 shining eyes
  9 harpies
  77 ugly things
  2 red wasps (shapeshifter)
  A salamander (shapeshifter) (Vaults:4)
  6 orc sorcerers
  14 elephants
  9 red wasps
  7 phantasmal warriors
  2 manticores
  2 sixfirhies
  5 black mambas
  4 eyes of devastation
  Joseph (Orc:2)
  7 cyclopes
  A stone giant skeleton (Vaults:4)
  A black mamba (shapeshifter) (Vaults:2)
  A feature mimic (Swamp:3)
  A storm dragon simulacrum (Vaults:2)
  A fire drake (Lair:8)
  35 spiny frogs
  6 torpor snails
  16 vault sentinels
  A spiny frog (shapeshifter) (Depths:2)
  3 gargoyles
  33 yaktaurs
  An iron devil (Orc:4)
  4 kobold demonologists
  18 demonic crawlers
  2 swamp worm zombies (Swamp:5)
  14 komodo dragons
  A troll (shapeshifter) (Vaults:5)
  14 trolls
  2 tengu conjurers
  2 efreet
  3 deep elf priests
  4 hydra zombies
  8 spriggan druids
  2 red devils (Orc:4)
  A jumping spider (shapeshifter) (D:11)
  A small abomination (Vaults:2)
  Sonja (D:11)
  39 jumping spiders
  A blue devil (D:11)
  8 polar bears
  9 freezing wraiths
  4 baby alligators (Swamp:5)
  The ghost of Mayheim the Shield-Bearer, an average FoFi (D:3)
  Prince Ribbit (D:6)
  2 spectral swamp dragons (Swamp:5)
  14 giant leeches
  5 alligator zombies (Swamp:5)
  25 two-headed ogres
  9 ravens
  119 slime creatures
  7 boulder beetles
  2 basilisks
  21 blink frogs
  A slime creature (shapeshifter) (Vaults:5)
  12 bog bodies
  21 deep elf magi
  2 centaur simulacra
  A basilisk (shapeshifter) (Vaults:4)
  A hydra skeleton (D:14)
  A ynoxinul (Orc:4)
  17 spriggans
  23 trapdoor spiders
  7 shadows
  35 tarantellas
  2 human skeletons (Vaults:4)
  7 wraiths
  59 yaks
  4 wandering mushrooms (D:13)
  3 water elementals
  79 redbacks
  A griffon skeleton (D:14)
  7 wyverns
  18 golden eyes
  30 deep elf fighters
  A spriggan (shapeshifter) (D:14)
  A vampire (Depths:1)
  2 fire elementals (Volcano)
  2 hungry ghosts
  50 vampire mosquitoes
  2 hill giant skeletons
  19 hippogriffs
  4 steam dragons
  16 porcupines
  32 wolves
  7 wargs
  2 lightning spires
  6 mottled dragons
  21 swamp worms
  2 tengu zombies
  25 water moccasins
  77 orc warriors
  A black bear (shapeshifter) (D:14)
  6 phantoms
  2 swamp dragon zombies (Swamp:5)
  8 swamp drakes
  10 sky beasts
  42 spiders
  2 necrophages
  56 ogres
  10 black bears
  4 boggarts (Vaults:1)
  9 ice beasts
  30 centaurs
  14 yellow wasps
  A manticore skeleton (D:14)
  A vampire mosquito zombie (D:14)
  35 giant frogs
  Sigmund (D:2)
  23 crocodiles
  10 big kobolds
  3 boring beetles
  A hill giant simulacrum (D:10)
  A human zombie (Vaults:4)
  A lost soul (Vaults:3)
  2 cyclops zombies (D:14)
  19 insubstantial wisps
  14 killer bees
  8 scorpions
  2 troll zombies
  14 wights
  8 eyes of draining
  An orc simulacrum (Vaults:1)
  A troll skeleton (Orc:4)
  5 electric eels
  2 hippogriff skeletons
  3 yak skeletons
  2 oklob saplings (D:13)
  4 goliath beetles
  10 crimson imps
  A gnoll shaman (D:6)
  42 jellies
  A two-headed ogre zombie (D:8)
  15 hounds
  2 giant frog skeletons (D:12)
  42 orc priests
  9 iguanas
  A centaur skeleton (D:5)
  65 orc wizards
  21 worker ants
  An elf skeleton (D:14)
  A killer bee zombie (D:11)
  45 sheep
  Ijyb (D:2)
  A mottled dragon skeleton (D:14)
  2 mummies
  71 green rats
  15 gnolls
  A swamp drake zombie (Swamp:5)
  5 orc zombies (Orc:4)
  35 adders
  3 giant mites
  An ogre simulacrum (D:10)
  8 shadow imps
  A hound simulacrum (D:10)
  2 white imps (D:10)
  3 worms
  An ufetubus (D:10)
  An iguana skeleton (D:5)
  6 orc skeletons (Orc:4)
  A sheep skeleton (D:14)
  9 giant geckos
  An ooze (D:2)
  288 orcs
  38 hobgoblins
  23 jackals
  66 kobolds
  13 quokkas
  5 ball pythons
  12 bats
  8 giant cockroaches
  3 giant newts
  4 giant spores
  37 goblins
  A hobgoblin zombie (D:6)
  2 kobold zombies
  19 rats
  9 rat skeletons
  14 ballistomycetes
  4 crawling corpses
  9 fungi
  14 plants
3112 creatures vanquished.

Vanquished Creatures (collateral kills)
  A golden dragon (Vaults:5)
  Xtahua (Vaults:2)
  A quicksilver dragon (Vaults:5)
  2 acid blobs
  A thorn hunter (Swamp:3)
  A tengu reaver (Vaults:5)
  A frost giant (Vaults:5)
  2 vault wardens
  An iron dragon (Vaults:5)
  2 emperor scorpions
  3 stone giants
  A vampire knight (Vaults:2)
  An ettin (Vaults:3)
  2 vault guards
  A death ooze (Slime:3)
  2 ironheart preservers (Vaults:3)
  A fire dragon (Depths:2)
  A yaktaur captain (Vaults:4)
  A rakshasa (Depths:1)
  2 ice dragons
  A hydra (Swamp:4)
  2 centaur warriors
  An alligator (Swamp:3)
  A spectral human (Vaults:5)
  2 ogre magi
  3 deep elf knights
  A soul eater (Depths:1)
  3 deep trolls
  A skeletal warrior (Vaults:2)
  A spriggan druid (Swamp:5)
  4 orb spiders
  8 hill giants
  A harpy (shapeshifter) (Depths:1)
  2 spectral hydras (Swamp:5)
  3 orc knights
  A harpy (Vaults:2)
  2 ironbrand convokers
  2 griffons
  4 cyclopes
  6 wolf spiders
  An orc sorcerer (Vaults:2)
  2 deep elf conjurers
  A phantasmal warrior (Vaults:5)
  2 vault sentinels (Vaults:1)
  11 ugly things
  A spiny frog (Swamp:5)
  2 torpor snails
  2 eyes of devastation (Slime:5)
  A komodo dragon (D:15)
  3 demonic crawlers
  9 yaktaurs
  2 deep elf priests
  A swamp worm zombie (Swamp:5)
  2 freezing wraiths
  2 hydra zombies (Swamp:5)
  8 jumping spiders
  5 two-headed ogres
  A bog body (Swamp:5)
  12 slime creatures
  2 blink frogs
  2 boulder beetles
  A catoblepas skeleton (D:14)
  7 redbacks
  3 spriggans (Swamp:4)
  A golden eye (Slime:6)
  4 trapdoor spiders
  4 deep elf magi
  7 tarantellas
  4 deep elf fighters
  A yak (Lair:2)
  2 vampire mosquitoes (Vaults:2)
  A warg (Vaults:2)
  A swamp worm (Swamp:5)
  An ice beast (D:15)
  6 orc warriors
  7 spiders
  4 phantoms (Swamp:5)
  3 ogres
  2 swamp drakes (Swamp:5)
  3 lightning spires
  3 yellow wasps
  6 centaurs
  A giant frog (Swamp:5)
  2 scorpions
  An eye of draining (D:15)
  A killer bee (D:11)
  A goliath beetle (Spider:1)
  A two-headed ogre zombie (D:13)
  4 jellies
  An orc wizard (Vaults:2)
  2 orange rats (Elf:1)
  9 orcs
243 creatures vanquished.

Vanquished Creatures (others)
  Jorgrun (Vaults:5)
  An ogre mage (Vaults:4)
  A swamp dragon (Swamp:5)
  A deep elf priest (Elf:1)
  A slime creature (Slime:5)
  A blink frog (Swamp:4)
  A deep elf mage (Elf:1)
  A yak (D:11)
  2 deep elf fighters (Elf:1)
  A swamp worm (Swamp:5)
  A spider (Spider:4)
  2 lost souls
  A crocodile (Swamp:5)
  55 lightning spires
  An orc priest (Orc:4)
  2 orcs (Orc:4)
  2 giant spores (D:14)
  3 rat skeletons (Orc:4)
  A ballistomycete (D:14)
  9 bushes (Lair:8)
  19 fungi
  10 plants
117 creatures vanquished.

Grand Total: 3472 creatures vanquished

Notes
Turn   | Place    | Note
--------------------------------------------------------------
     0 | D:1      | Kashira, the Naga Wizard, began the quest for the Orb.
     0 | D:1      | Reached XP level 1. HP: 15/15 MP: 4/4
   371 | D:1      | Reached XP level 2. HP: 22/22 MP: 3/6
  1248 | D:2      | Reached XP level 3. HP: 26/28 MP: 5/8
  1262 | D:2      | Learned a level 3 spell: Mephitic Cloud
  1266 | D:2      | Learned a level 3 spell: Conjure Flame
  1269 | D:2      | Learned a level 2 spell: Blink
  1385 | D:2      | Noticed Sigmund
  1834 | D:2      | Noticed Ijyb
  1848 | D:2      | Killed Ijyb
  1848 | D:2      | Reached skill level 4 in Spellcasting
  1848 | D:2      | Reached XP level 4. HP: 33/36 MP: 4/11
  1957 | D:2      | Reached skill level 1 in Armour
  2237 | D:2      | Killed Sigmund
  2237 | D:2      | Reached XP level 5. HP: 39/43 MP: 1/13
  2545 | D:3      | Reached skill level 1 in Fighting
  2762 | D:3      | Reached XP level 6. HP: 42/51 MP: 9/15
  3219 | D:3      | Noticed Mayheim's ghost (average FoFi)
  3225 | D:3      | Killed Mayheim's ghost
  3225 | D:3      | Reached skill level 1 in Poison Magic
  3225 | D:3      | Reached XP level 7. HP: 53/57 MP: 10/18
  3603 | D:4      | Reached skill level 1 in Air Magic
  3713 | D:4      | Reached skill level 5 in Spellcasting
  3784 | D:4      | Found a bloodstained altar of Trog.
  3818 | D:4      | Found a staircase to the Ecumenical Temple.
  3824 | Temple   | Entered the Ecumenical Temple
  3908 | Temple   | Became a worshipper of Cheibriados the Contemplative
  3985 | D:4      | Reached XP level 8. HP: 48/67 MP: 16/20
  4744 | D:5      | Entered Level 5 of the Dungeon
  5014 | D:5      | Learned a level 2 spell: Repel Missiles
  5211 | D:5      | Reached skill level 5 in Conjurations
  5351 | D:5      | Acquired Cheibriados' first power
  5354 | D:5      | Reached skill level 6 in Spellcasting
  5705 | D:5      | Got a faintly glowing mace
  5706 | D:5      | Identified the +1 mace of War {flame, rElec rC+} (You took it off a kobold on level 5 of the Dungeon)
  5787 | D:6      | Reached XP level 9. HP: 69/74 MP: 23/23
  5827 | D:6      | Found Korgh's Gadget Shop.
  5959 | D:6      | Acquired Cheibriados' second power
  6243 | D:6      | Learned a level 2 spell: Slow
  6275 | D:6      | Gained mutation: You are robust (+10% HP). [mutagenic meat]
  6277 | D:6      | Gained mutation: You occasionally shout uncontrollably at your foes. [mutagenic meat]
  6323 | D:6      | Noticed Prince Ribbit
  6353 | D:6      | Killed Prince Ribbit
  6353 | D:6      | Reached skill level 7 in Spellcasting
  6425 | D:6      | Found Onuk Etu's Book Shop.
  6514 | D:6      | Acquired Cheibriados' third power
  7172 | D:7      | Reached XP level 10. HP: 65/93 MP: 14/25
  7199 | D:7      | Learned a level 4 spell: Control Teleport
  7371 | D:7      | Reached skill level 5 in Dodging
  8003 | D:8      | Reached skill level 8 in Spellcasting
  8965 | D:9      | Found a flagged portal.
  8992 | Bailey   | Entered a bailey
  9181 | Bailey   | Noticed an orc knight
  9184 | Bailey   | Killed an orc knight
 10151 | D:9      | Reached skill level 5 in Translocations
 10313 | D:9      | Reached XP level 11. HP: 102/102 MP: 15/28
 10391 | D:9      | Noticed Erolcha
 10395 | D:9      | Killed Erolcha
 10596 | D:10     | Entered Level 10 of the Dungeon
 10620 | D:10     | Reached skill level 9 in Spellcasting
 10897 | D:10     | Reached skill level 1 in Hexes
 11126 | D:10     | Reached skill level 5 in Fighting
 11417 | D:10     | Found a staircase to the Lair.
 11641 | D:10     | Noticed an unseen horror
 11650 | D:10     | Killed an unseen horror
 11956 | D:10     | Found a glowing golden altar of the Shining One.
 12090 | D:11     | Noticed Sonja
 12090 | D:11     | Noticed Erica
 12148 | D:11     | Noticed Josephine
 12214 | Lair:1   | Entered Level 1 of the Lair of Beasts
 13401 | Lair:2   | Learned a level 5 spell: Phase Shift
 13429 | Lair:2   | Reached XP level 12. HP: 100/114 MP: 16/29
 13437 | Lair:2   | Reached skill level 1 in Polearms
 13743 | Lair:2   | Noticed a five-headed hydra
 13755 | Lair:2   | Killed a hydra
 14669 | Lair:3   | Noticed a five-headed hydra
 14676 | Lair:3   | Noticed a seven-headed hydra
 14683 | Lair:3   | Killed a hydra
 14690 | Lair:3   | Gained mutation: You are clumsy. (Dex -2) [potion of mutation]
 14690 | Lair:3   | Gained mutation: You are dopey. (Int -2) [potion of mutation]
 14690 | Lair:3   | Gained mutation: You are partially covered in rough black scales (AC +4, Dex -1). [potion of mutation]
 14699 | Lair:3   | Lost mutation: You occasionally shout uncontrollably at your foes. [potion of cure mutation]
 14699 | Lair:3   | Lost mutation: You are robust (+10% HP). [potion of cure mutation]
 14699 | Lair:3   | Lost mutation: You are clumsy. (Dex -2) [potion of cure mutation]
 15021 | Lair:3   | Reached skill level 10 in Spellcasting
 15202 | Lair:3   | Killed a hydra
 15202 | Lair:3   | Reached skill level 5 in Poison Magic
 15764 | Lair:3   | Noticed Rupert
 15774 | Lair:3   | Noticed an eight-headed hydra
 15794 | Lair:3   | Killed a two-headed hydra
 15799 | Lair:3   | Reached skill level 1 in Invocations
 16562 | Lair:3   | Killed Rupert
 16562 | Lair:3   | Reached XP level 13. HP: 72/114 MP: 5/31
 16728 | Lair:4   | Reached skill level 1 in Throwing
 16997 | Lair:4   | Found a dark tunnel.
 17005 | Volcano  | Entered a volcano
 17013 | Volcano  | Reached skill level 1 in Evocations
 17310 | Lair:4   | Found a hole to the Spider Nest.
 17466 | Lair:4   | Found a snail-covered altar of Cheibriados.
 18454 | Lair:5   | Got a polished hand axe
 18455 | Lair:5   | Identified the +7 hand axe of Adweh {antimagic, Noisy SInv} (You found it on level 5 of the Lair of Beasts)
 18469 | Lair:5   | Reached skill level 5 in Armour
 18575 | Lair:5   | Found a staircase to the Swamp.
 19732 | Lair:6   | Found a viscous altar of Jiyva.
 19732 | Lair:6   | Found a staircase to the Slime Pits.
 19823 | Lair:6   | Reached skill level 5 in Invocations
 19831 | Lair:6   | Reached skill level 1 in Charms
 20284 | Lair:7   | Reached XP level 14. HP: 124/124 MP: 28/32
 21027 | Lair:8   | Entered Level 8 of the Lair of Beasts
 21112 | Lair:7   | Reached skill level 5 in Polearms
 22257 | Lair:8   | Reached skill level 10 in Translocations
 22542 | Lair:7   | Reached skill level 5 in Air Magic
 22921 | Lair:8   | Reached skill level 11 in Spellcasting
 24995 | D:11     | Noticed Fannar
 25004 | D:11     | Killed Fannar
 25199 | D:11     | Killed Sonja
 25436 | D:11     | Found a staircase to the Orcish Mines.
 25545 | D:11     | Killed Erica
 25545 | D:11     | Reached XP level 15. HP: 132/132 MP: 27/34
 25664 | D:11     | Killed Josephine
 26530 | D:12     | Gained mutation: Your flesh is heat resistant. [mutagenic meat]
 26531 | D:12     | Gained mutation: You are clumsy. (Dex -2) [mutagenic meat]
 26532 | D:12     | Gained mutation: Your muscles are strong. (Str +2) [mutagenic meat]
 27345 | Orc:1    | Entered Level 1 of the Orcish Mines
 27570 | Orc:1    | Found Napryz's Antique Weapon Boutique.
 27952 | Orc:2    | Noticed Joseph
 27980 | Orc:2    | Killed Joseph
 28405 | Orc:2    | Found Meb Wur's Book Boutique.
 28818 | D:6      | Bought the Grimoire of Attacks for 582 gold pieces
 28818 | D:6      | Bought a book of Conjurations for 420 gold pieces
 28823 | D:6      | Learned a level 3 spell: Dazzling Spray
 28828 | D:6      | Learned a level 4 spell: Iskenderun's Mystic Blast
 28835 | D:6      | Learned a level 6 spell: Freezing Cloud
 29442 | Orc:3    | Paralysed by an orc sorcerer for 5 turns
 29893 | Orc:4    | Entered Level 4 of the Orcish Mines
 29950 | Orc:4    | Noticed Harold
 29956 | Orc:4    | Killed Harold
 30803 | Orc:4    | Found a staircase to the Elven Halls.
 32041 | Orc:4    | Found Brapun's Magic Scroll Shoppe.
 32042 | Orc:4    | Found Ysabli's Distillery.
 32043 | Orc:4    | Found Kafosuon's Magic Scroll Shoppe.
 32044 | Orc:4    | Found Braiputa's Antique Weapon Shop.
 32050 | Orc:4    | Bought a scroll of identify for 30 gold pieces
 32050 | Orc:4    | Bought a scroll of identify for 30 gold pieces
 32050 | Orc:4    | Bought a scroll of identify for 30 gold pieces
 32050 | Orc:4    | Bought a scroll of enchant armour for 112 gold pieces
 32050 | Orc:4    | Bought a scroll of identify for 30 gold pieces
 32053 | Orc:4    | Bought a scroll of identify for 22 gold pieces
 32053 | Orc:4    | Bought a scroll of identify for 22 gold pieces
 32053 | Orc:4    | Bought a scroll of identify for 22 gold pieces
 32053 | Orc:4    | Bought a scroll of blinking for 82 gold pieces
 32053 | Orc:4    | Bought a scroll of magic mapping for 38 gold pieces
 32053 | Orc:4    | Bought a scroll of fear for 38 gold pieces
 32057 | Orc:4    | Bought a potion of magic for 66 gold pieces
 32057 | Orc:4    | Bought 2 potions of curing for 48 gold pieces
 32057 | Orc:4    | Bought a potion of heal wounds for 36 gold pieces
 32057 | Orc:4    | Bought 2 potions of curing for 48 gold pieces
 32057 | Orc:4    | Bought a potion of heal wounds for 36 gold pieces
 32057 | Orc:4    | Bought a potion of curing for 24 gold pieces
 32058 | Orc:4    | Bought a potion of beneficial mutation for 420 gold pieces
 32058 | Orc:4    | Bought a potion of restore abilities for 36 gold pieces
 33151 | Lair:7   | Reached XP level 16. HP: 134/142 MP: 30/35
 33406 | Lair:8   | Reached skill level 12 in Spellcasting
 34156 | Lair:8   | Reached skill level 1 in Ice Magic
 34575 | Lair:8   | Reached skill level 10 in Conjurations
 35305 | Swamp:1  | Entered Level 1 of the Swamp
 35312 | Swamp:1  | Reached skill level 1 in Shields
 35312 | Swamp:1  | Reached skill level 10 in Invocations
 37418 | Swamp:2  | Got a steaming plate armour
 37419 | Swamp:2  | Identified the +10 plate armour of the Onion {Str+3 Int+2 Stlth+ Curse} (You found it on level 2 of the Swamp)
 38097 | Swamp:2  | Reached XP level 17. HP: 71/151 MP: 14/36
 38779 | Swamp:2  | Noticed a thorn hunter
 38787 | Swamp:2  | Killed a thorn hunter
 39085 | Swamp:3  | Learned a level 4 spell: Summon Lightning Spire
 39636 | Swamp:3  | Got a faintly glowing granite ring
 39645 | Swamp:3  | Identified the ring "Wuedghur" {Ice Stlth+} (You found it on level 3 of the Swamp)
 40041 | Swamp:4  | Noticed Tolias' ghost (mighty KoFi)
 40064 | Swamp:4  | Killed Tolias' ghost
 41615 | Swamp:5  | Entered Level 5 of the Swamp
 42138 | Swamp:5  | Noticed RobertPalmer's ghost (mighty HEIE)
 42917 | Swamp:5  | Reached skill level 13 in Spellcasting
 43103 | Swamp:5  | Killed RobertPalmer's ghost
 44357 | Swamp:5  | Reached XP level 18. HP: 142/159 MP: 32/37
 44925 | Spider:1 | Entered Level 1 of the Spider Nest
 45639 | Spider:1 | Noticed Frances
 45645 | Spider:1 | Killed Frances
 45852 | Spider:1 | Lost mutation: You are clumsy. (Dex -2) [potion of mutation]
 45852 | Spider:1 | Gained mutation: You can exhale a cloud of poison. [potion of mutation]
 45852 | Spider:1 | Lost mutation: You can exhale a cloud of poison. [potion of mutation]
 46890 | Spider:2 | Reached skill level 5 in Shields
 47993 | Spider:3 | Noticed Arachne
 48006 | Spider:3 | Killed Arachne
 48260 | Spider:3 | Noticed Nikola
 48273 | Spider:3 | Killed Nikola
 49974 | Spider:4 | Reached skill level 10 in Dodging
 50425 | Spider:5 | Entered Level 5 of the Spider Nest
 50602 | Spider:5 | Reached XP level 19. HP: 160/168 MP: 31/38
 50874 | Spider:5 | Got a pitted scimitar
 50875 | Spider:5 | Identified the +5 scimitar "Fyimn" {drain, *Tele Int+2} (You found it on level 5 of the Spider Nest)
 51155 | Spider:5 | Noticed Agnes
 51164 | Spider:5 | Killed Agnes
 52733 | Spider:5 | Reached skill level 10 in Fighting
 53326 | Spider:5 | Got a gossamer rune of Zot
 54452 | Swamp:5  | Noticed a bone dragon
 54877 | Swamp:5  | Killed a bone dragon
 55573 | Swamp:5  | Got a heavily runed plate armour
 55602 | Swamp:5  | Got a decaying rune of Zot
 55606 | Swamp:5  | Identified the +8 plate armour of Grys {Dex+3 Stlth+} (You found it on level 5 of the Swamp)
 56404 | Orc:2    | Bought a book of Power for 585 gold pieces
 56412 | Orc:2    | Learned a level 6 spell: Iron Shot
 57150 | D:13     | Found a gate to the Vaults.
 57803 | D:13     | Found a blossoming altar of Fedhas.
 57985 | D:14     | Lost mutation: You are dopey. (Int -2) [mutagenic meat]
 57994 | D:14     | Got an encrusted buckler
 57999 | D:14     | Identified the +0 buckler of Hyjuf {rC+} (You found it on level 14 of the Dungeon)
 58854 | D:14     | Reached XP level 20. HP: 173/175 MP: 37/39
 59071 | D:14     | Gained mutation: You are robust (+10% HP). [mutagenic meat]
 59072 | D:14     | Gained mutation: You tend to lose your temper in combat. [mutagenic meat]
 59468 | D:14     | Reached skill level 10 in Polearms
 59544 | D:14     | Reached skill level 14 in Spellcasting
 59599 | D:15     | Entered Level 15 of the Dungeon
 59989 | D:15     | Found a staircase to the Depths.
 61189 | Depths:1 | Entered Level 1 of the Depths
 61200 | Depths:1 | Got an encrusted dire flail
 61201 | Depths:1 | Identified the +9 dire flail of Akas {crush, -Tele Str+3 Dex+3} (You found it on level 1 of the Depths)
 61649 | Depths:1 | Found a gateway to Hell.
 62219 | Depths:1 | Identified a scroll of acquirement
 62241 | Depths:1 | Reached skill level 5 in Ice Magic
 62311 | Depths:1 | Gained mutation: You have difficulty communicating with the divine. [mutagenic meat]
 62312 | Depths:1 | Gained mutation: You occasionally shout uncontrollably at your foes. [mutagenic meat]
 62315 | Depths:1 | Gained mutation: You are partially covered in icy blue scales (AC +1). [mutagenic meat]
 62316 | Depths:1 | Lost mutation: You occasionally shout uncontrollably at your foes. [mutagenic meat]
 62317 | Depths:1 | Gained mutation: You can breathe flames. [mutagenic meat]
 62318 | Depths:1 | Gained mutation: Your mind is acute. (Int +2) [mutagenic meat]
 62319 | Depths:1 | Lost mutation: You tend to lose your temper in combat. [mutagenic meat]
 62321 | Depths:1 | Lost mutation: Your muscles are strong. (Str +2) [mutagenic meat]
 62322 | Depths:1 | Lost mutation: You have difficulty communicating with the divine. [mutagenic meat]
 62493 | Depths:1 | Found a gateway to a ziggurat.
 62555 | Depths:1 | Found a one-way gate to the infinite horrors of the Abyss.
 63320 | Depths:2 | Reached skill level 1 in Fire Magic
 63681 | Depths:2 | Reached skill level 1 in Earth Magic
 64682 | Elf:1    | Entered Level 1 of the Elven Halls
 65256 | Elf:1    | Found a sparkling altar of Nemelex Xobeh.
 65334 | Elf:1    | Reached XP level 21. HP: 186/201 MP: 18/40
 65782 | Elf:1    | Found Twuwkaol's Assorted Antiques.
 65786 | Elf:1    | Bought a scroll of fear for 108 gold pieces
 65786 | Elf:1    | Bought a scroll of identify for 62 gold pieces
 65786 | Elf:1    | Bought a scroll of identify for 62 gold pieces
 65786 | Elf:1    | Bought a scroll of blinking for 232 gold pieces
 66151 | Elf:2    | Noticed Asterion
 66179 | Elf:2    | Killed Asterion
 66632 | Elf:2    | Noticed Roxanne
 66948 | Elf:2    | Found Shocotoa's Food Shop.
 67043 | Elf:2    | Killed Roxanne
 67045 | Elf:2    | Identified Roxanne's Tome of Dusty Transmigration (You took it off Roxanne on level 2 of the Elven Halls)
 67469 | Elf:2    | Noticed Donald
 67477 | Elf:2    | Killed Donald
 68115 | Vaults:1 | Entered Level 1 of the Vaults
 68619 | Vaults:1 | Got an ancient mace
 68620 | Vaults:1 | Identified the cursed +3 mace of Conversion {crush, Str-1 Int+3} (You found it on level 1 of the Vaults)
 69096 | Vaults:1 | Reached skill level 15 in Spellcasting
 69836 | Vaults:1 | Identified the Grimoire of Icy Confrontation (You acquired it on level 1 of the Vaults)
 70725 | Vaults:1 | Got a steaming plate armour
 70740 | Vaults:1 | Identified the +8 plate armour "Unwanaenk" {Str+2 Int+4} (You found it on level 1 of the Vaults)
 71088 | Vaults:2 | Noticed Xtahua
 71091 | Vaults:2 | Killed Xtahua
 71209 | Vaults:2 | Noticed Aizul
 71218 | Vaults:2 | Killed Aizul
 71349 | Vaults:2 | Got a heavily runed jade amulet
 71676 | Vaults:2 | Found a staircase to the Crypt.
 71830 | Vaults:2 | Found a portal to a secret trove of treasure.
 72292 | Vaults:2 | Reached skill level 10 in Shields
 72293 | Vaults:2 | Reached XP level 22. HP: 211/211 MP: 20/41
 72400 | Vaults:2 | Lost mutation: Your mind is acute. (Int +2) [mutagenic meat]
 72478 | Vaults:2 | Gained mutation: Your mind is acute. (Int +2) [mutagenic meat]
 72479 | Vaults:2 | Lost mutation: You are robust (+10% HP). [mutagenic meat]
 72480 | Vaults:2 | Gained mutation: Your body is slowly deteriorating. [mutagenic meat]
 72496 | Vaults:2 | Gained mutation: You are covered in fur (AC +1). [mutagenic meat]
 72625 | Vaults:2 | Got a fine mace
 72626 | Vaults:2 | Identified the +8 mace "Lyg Dout" {elec, rF+} (You took it off an orc warrior on level 2 of the Vaults)
 72627 | Vaults:2 | Identified the amulet of Contentment {Ward rN+ Str+3 Int-4} (You found it on level 2 of the Vaults)
 72994 | Vaults:2 | Gained mutation: You are robust (+10% HP). [mutagenic meat]
 72995 | Vaults:2 | Gained mutation: You are clumsy. (Dex -2) [mutagenic meat]
 72996 | Vaults:2 | Lost mutation: You are robust (+10% HP). [mutagenic meat]
 72997 | Vaults:2 | Gained mutation: You occasionally shout uncontrollably at your foes. [mutagenic meat]
 72998 | Vaults:2 | Gained mutation: You have very sharp teeth. [mutagenic meat]
 73462 | Vaults:2 | Found Keuthiam's Armour Shop.
 74190 | Vaults:3 | Found Hurauri's Magic Scroll Emporium.
 74206 | Vaults:3 | Bought a scroll of identify for 36 gold pieces
 74206 | Vaults:3 | Bought a scroll of identify for 36 gold pieces
 74206 | Vaults:3 | Bought a scroll of magic mapping for 63 gold pieces
 74206 | Vaults:3 | Bought a scroll of blinking for 135 gold pieces
 74206 | Vaults:3 | Bought a scroll of acquirement for 936 gold pieces
 74206 | Vaults:3 | Bought 2 scrolls of blinking for 270 gold pieces
 74206 | Vaults:3 | Bought a scroll of enchant weapon for 135 gold pieces
 74206 | Vaults:3 | Bought 2 scrolls of teleportation for 108 gold pieces
 74440 | Vaults:3 | Reached skill level 10 in Air Magic
 74861 | Vaults:3 | Lost mutation: You occasionally shout uncontrollably at your foes. [mutagenic meat]
 75375 | Vaults:3 | Gained mutation: You are weak. (Str -2) [mutagenic meat]
 75376 | Vaults:3 | Lost mutation: Your mind is acute. (Int +2) [mutagenic meat]
 75377 | Vaults:3 | Lost mutation: You are clumsy. (Dex -2) [mutagenic meat]
 75378 | Vaults:3 | Gained mutation: You are clumsy. (Dex -2) [mutagenic meat]
 75905 | Vaults:4 | Gained mutation: You are very clumsy. (Dex -4) [potion of mutation]
 75905 | Vaults:4 | Gained mutation: You are frail (-10% HP). [potion of mutation]
 76440 | Vaults:4 | Reached XP level 23. HP: 180/180 MP: 14/42
 77085 | Vaults:4 | Reached skill level 16 in Spellcasting
 77979 | Vaults:4 | Gained mutation: Space occasionally distorts in your vicinity. [mutagenic meat]
 77980 | Vaults:4 | Lost mutation: You are weak. (Str -2) [mutagenic meat]
 77981 | Vaults:4 | Lost mutation: You are frail (-10% HP). [mutagenic meat]
 77982 | Vaults:4 | Gained mutation: You are weak. (Str -2) [mutagenic meat]
 78055 | Vaults:4 | Gained mutation: Your spells are a little easier to cast, but a little less powerful. [mutagenic meat]
 78056 | Vaults:4 | Lost mutation: Your body is slowly deteriorating. [mutagenic meat]
 78057 | Vaults:4 | Lost mutation: Space occasionally distorts in your vicinity. [mutagenic meat]
 78179 | Vaults:5 | Entered Level 5 of the Vaults
 78179 | Vaults:5 | Noticed Jorgrun
 78187 | Vaults:5 | Killed Jorgrun
 78766 | Vaults:5 | Reached XP level 24. HP: 138/212 MP: 9/42
 78924 | Vaults:5 | Got a glittering pewter ring
 78929 | Vaults:5 | Identified the ring of Vaminet {Dex+2 Int+1} (You found it on level 5 of the Vaults)
 79222 | Vaults:5 | Got a glittering emerald amulet
 79242 | Vaults:5 | Identified the amulet of Jyphi {Faith Str+3} (You found it on level 5 of the Vaults)
 79535 | Vaults:5 | Noticed an ancient lich
 79551 | Vaults:5 | Killed an ancient lich
 79562 | Vaults:5 | Gained mutation: Your flesh is cold resistant. [potion of mutation]
 79718 | Vaults:5 | Got a pitted ring mail
 79719 | Vaults:5 | Identified the +3 ring mail of Vokhlini {Str+4 Dex+3} (You found it on level 5 of the Vaults)
 80016 | Vaults:5 | Got a twitching ruby amulet
 80056 | Vaults:5 | Identified the amulet of the Lily {Stasis Str+2 Dex+2} (You took it off a frost giant on level 5 of the Vaults)
 81143 | Vaults:5 | Gained mutation: You have an increased reservoir of magic (+10% MP). [mutagenic meat]
 81672 | Vaults:5 | Found Caime's Magic Scroll Emporium.
 81677 | Vaults:5 | Bought a scroll of holy word for 150 gold pieces
 81677 | Vaults:5 | Bought a scroll of identify for 40 gold pieces
 81677 | Vaults:5 | Bought a scroll of identify for 40 gold pieces
 81677 | Vaults:5 | Bought a scroll of teleportation for 60 gold pieces
 81677 | Vaults:5 | Bought a scroll of enchant armour for 150 gold pieces
 81729 | Vaults:5 | Found Gemamis' Distillery.
 81758 | Vaults:5 | Noticed Wiglaf
 81768 | Vaults:5 | Killed Wiglaf
 81913 | Vaults:5 | Found Gisk's Magic Scroll Emporium.
 82096 | Vaults:5 | Gained mutation: Your tail ends in a poisonous barb. [mutagenic meat]
 82097 | Vaults:5 | Gained mutation: You have sharp fingernails. [mutagenic meat]
 82172 | Vaults:5 | Reached XP level 25. HP: 222/222 MP: 20/47
 82195 | Vaults:5 | Got a transparent chain mail
 82199 | Vaults:5 | Got a silver rune of Zot
 82205 | Vaults:5 | Identified the +1 chain mail "Stown" {Str+1 Int+4 Stlth++} (You found it on level 5 of the Vaults)
 83188 | Slime:1  | Entered Level 1 of the Pits of Slime
 85231 | Slime:3  | Reached skill level 17 in Spellcasting
 87729 | Slime:6  | Entered Level 6 of the Pits of Slime
 88049 | Slime:6  | Reached skill level 15 in Translocations
 88207 | Slime:6  | Noticed the royal jelly
 88965 | Slime:6  | Found a viscous altar of Jiyva.
 88993 | Slime:6  | Killed the royal jelly
 88996 | Slime:6  | Slain by an azure jelly

Action                   |  1- 3 |  4- 6 |  7- 9 | 10-12 | 13-15 | 16-18 | 19-21 | 22-24 | 25-27 || total
-------------------------+-------+-------+-------+-------+-------+-------+-------+-------+-------++-------
Melee: Spear             |    54 |    15 |       |       |       |       |       |       |       ||    69
       Scythe            |       |    33 |   194 |   110 |       |       |       |       |       ||   337
       Glaive            |       |       |       |   443 |   536 |    74 |       |       |       ||  1053
       Trident           |       |       |       |       |   900 |  1441 |  1104 |       |       ||  3445
       Demon trident     |       |       |       |       |       |       |   276 |  1055 |   463 ||  1794
Throw: Throwing net      |       |       |       |     2 |       |       |       |       |       ||     2
       Tomahawk          |       |       |       |    12 |    48 |     3 |    12 |     4 |       ||    79
 Cast: Magic Dart        |    57 |    61 |   241 |   389 |   537 |   442 |   254 |   135 |   153 ||  2269
       Mephitic Cloud    |     3 |     5 |    24 |    91 |   155 |    19 |    25 |     5 |     2 ||   329
       Conjure Flame     |       |     2 |       |     3 |    13 |       |    19 |    11 |     2 ||    50
       Repel Missiles    |       |       |     2 |     4 |     6 |       |     4 |     2 |     1 ||    19
       Slow              |       |       |     1 |    12 |     5 |     1 |     1 |       |     1 ||    21
       Blink             |       |       |       |    38 |    20 |    21 |    15 |     3 |     3 ||   100
       Control Teleport  |       |       |       |     2 |    12 |     3 |    11 |     3 |     5 ||    36
       Phase Shift       |       |       |       |     4 |    41 |    31 |    28 |    31 |    12 ||   147
       Dazzling Spray    |       |       |       |       |    34 |    23 |    36 |       |     2 ||    95
       Freezing Cloud    |       |       |       |       |    14 |   134 |   141 |    88 |    29 ||   406
       Iskenderun's Myst |       |       |       |       |     2 |     6 |    11 |    10 |    48 ||    77
       Summon Lightning  |       |       |       |       |       |    96 |   124 |    72 |    41 ||   333
       Iron Shot         |       |       |       |       |       |       |    81 |    39 |    15 ||   135
Invok: Slouch            |       |       |       |       |    11 |    12 |    19 |    28 |     2 ||    72
       Temporal Distorti |       |       |       |       |       |       |       |     1 |       ||     1
 Abil: Spit Poison       |    26 |    22 |    71 |    99 |   238 |   120 |   189 |    63 |     5 ||   833
       Breathe Fire      |       |       |       |       |       |       |       |     6 |    13 ||    19
       Evoke Invisibilit |       |       |       |       |       |       |       |       |     1 ||     1
Evoke: Wand              |       |       |       |    13 |    23 |     2 |    22 |     4 |     3 ||    67
  Use: Scroll            |       |       |     2 |    28 |     6 |    14 |    36 |    16 |     4 ||   106
       Potion            |       |       |       |    10 |     8 |     3 |     6 |     4 |     2 ||    33
 Stab: Sleeping          |     1 |     1 |     8 |     3 |     8 |     4 |    17 |     2 |     2 ||    46
       Confused          |     1 |       |     7 |    37 |    76 |    14 |     4 |     2 |       ||   141
       Distracted        |       |       |       |     2 |     1 |    28 |    35 |    26 |    14 ||   106
       Invisible         |       |       |       |       |     2 |     1 |     6 |       |     2 ||    11
       Held in net/web   |       |       |       |       |       |       |     1 |       |       ||     1
       Betrayed ally     |       |       |       |       |       |       |     1 |       |       ||     1
  Eat: Chunk             |     4 |     7 |    17 |    27 |    55 |    44 |    75 |    69 |     2 ||   300
       Pizza             |       |       |       |       |     1 |       |       |       |       ||     1
       Meat ration       |       |       |       |       |     1 |     1 |       |       |       ||     2
       Bread ration      |       |       |       |       |       |     2 |     1 |       |     5 ||     8
       Fruit             |       |       |       |       |       |     1 |       |       |       ||     1
       Beef jerky        |       |       |       |       |       |     1 |       |       |       ||     1
